[Event "Titled Tuesday Blitz October 26 2021"]
[White "Sydoryka, Vladyslav"]
[Black "Indjic, Aleksandar"]
[WhiteFideId "14145928"]
[BlackFideId "911925"]
[WhiteElo "2282"]
[BlackElo "2643"]
[Result "0-1"]
[Round "04"]
[TimeControl "180+1"]
[Date "2021.10.26"]
[WhiteClock "0:00:01"]
[BlackClock "0:00:19"]

1. c4 g6 2. g3 Bg7 3. Bg2 c5 4. Nc3 Nc6 5. Nf3 h5 6. h4 d6 7. d3 Bf5 8. a3 Bxc3+ 9. bxc3 Qd7 10. Rb1 b6 11. Qc2 Nf6 12. Bg5 Nh7 13. Bd2 O-O-O 14. a4 e5 15. Ng5 f6 16. Nxh7 Rxh7 17. Rb5 Na5 18. Qb2 Qc7 19. O-O Kd7 20. Qa2 Ke7 21. Rfb1 Kf8 22. R1b2 Rf7 23. Bd5 Kg7 24. Bxf7 Qxf7 25. Qb1 Rd7 26. f3 Rc7 27. Ra2 Bd7 28. Rbb2 Bc6 29. Qc2 f5 30. Bg5 e4 31. dxe4 fxe4 32. f4 Qe6 33. e3 Nxc4 34. Qc1 Nxb2 35. Rxb2 Qc4 36. Rd2 d5 37. Rf2 Rf7 38. a5 bxa5 39. Qd1 Qd3 40. Rd2 Qxe3+ 41. Kh2 Qf3 42. Qa1 e3 43. Rb2 d4 44. cxd4 cxd4 45. Rc2 Kh7 46. Rxc6 Qxc6 47. Qxd4 Qe6 48. Qd1 e2 49. Qe1 Qe4 50. Kh3 Rd7 0-1


[Site "https://www.chess.com"]

[Event "Titled Tuesday Blitz October 26 2021"]
[White "Timofeev, Artyom"]
[Black "Trost, Edvin"]
[WhiteFideId "4140419"]
[BlackFideId "1729519"]
[WhiteElo "2591"]
[BlackElo "2026"]
[Result "0-1"]
[Round "04"]
[TimeControl "180+1"]
[Date "2021.10.26"]
[WhiteClock "0:00:12"]
[BlackClock "0:00:16"]

1. c4 Nf6 2. Nc3 g6 3. g3 d6 4. Bg2 Bg7 5. Nf3 O-O 6. O-O e5 7. d3 Re8 8. Bg5 c6 9. Qd2 Be6 10. b3 Nbd7 11. e4 Qc7 12. d4 exd4 13. Nxd4 Nc5 14. Rfe1 Ng4 15. h3 Ne5 16. Nxe6 Rxe6 17. Rad1 Ned3 18. Re3 Nb4 19. Re2 a5 20. Bf4 Nbd3 21. Be3 Rae8 22. Kh2 h5 23. f4 h4 24. gxh4 Qe7 25. Qc2 Nb4 26. Qd2 Bxc3 27. Qxc3 Nxe4 28. Qd4 Qxh4 29. Bc1 Qg3+ 30. Kg1 Nc3 31. Rxe6 Rxe6 32. Kf1 Nxd1 33. Qxd1 Nxa2 34. Bb2 Qxf4+ 35. Kg1 Qe3+ 36. Kh2 Nc3 37. Qg4 Ne2 38. Bf3 Qf4+ 39. Qxf4 Nxf4 40. Kg3 Nd3 41. Bd4 Nc5 42. Bd1 a4 43. bxa4 Re4 44. Bf6 Rxc4 45. Be7 Rd4 46. Bc2 Rd5 47. a5 Ne6 48. Bb3 Rd3+ 49. Kf2 Rxb3 0-1


[Site "https://www.chess.com"]

[Event "Titled Tuesday Blitz October 26 2021"]
[White "Yeletsky, Ivan"]
[Black "Costachi, Mihnea"]
[WhiteFideId "24180327"]
[BlackFideId "1217518"]
[WhiteElo "2352"]
[BlackElo "2482"]
[Result "1-0"]
[Round "04"]
[TimeControl "180+1"]
[Date "2021.10.26"]
[WhiteClock "0:01:45"]
[BlackClock "0:00:08"]

1. c4 Nf6 2. Nc3 g6 3. g3 Bg7 4. Bg2 O-O 5. e3 d6 6. Nge2 c6 7. O-O Na6 8. d3 e5 9. Rb1 d5 10. b4 Be6 11. b5 Nc5 12. Ba3 Nfd7 13. bxc6 bxc6 14. cxd5 cxd5 15. d4 exd4 16. exd4 Bg4 17. dxc5 Bxc3 18. f3 Qa5 19. Rb3 Bg7 20. fxg4 Nxc5 21. Bxc5 Qxc5+ 22. Kh1 Rad8 23. Rd3 d4 24. h4 Rfe8 25. Kh2 Qe5 26. Bf3 Qa5 27. Qb3 Re7 28. Kg2 Qe5 29. Nf4 Qc5 30. Rf2 Re3 31. Rc2 Qe5 32. Qc4 Rxd3 33. Qxd3 g5 34. Re2 Qa5 35. Nh5 gxh4 36. gxh4 Rc8 37. Nxg7 Kxg7 38. Qxd4+ Kg8 39. g5 Rd8 40. Qf6 Qc7 41. h5 Qd7 42. h6 Qd4 43. Qxd4 Rxd4 44. Re8# 1-0


[Site "https://www.chess.com"]

[Event "Titled Tuesday Blitz October 26 2021"]
[White "Yoo, Christopher Woojin"]
[Black "Wagh Suyog"]
[WhiteFideId "30909694"]
[BlackFideId "25071688"]
[WhiteElo "2105"]
[BlackElo "2219"]
[Result "1-0"]
[Round "04"]
[TimeControl "180+1"]
[Date "2021.10.26"]
[WhiteClock "0:01:47"]
[BlackClock "0:01:37"]

1. e4 c5 2. Nf3 d6 3. d4 cxd4 4. Nxd4 Nf6 5. Nc3 a6 6. h4 e5 7. Nf5 d5 8. Qf3 d4 9. Nd5 Nxd5 10. exd5 g6 11. Nh6 f6 12. h5 g5 13. Bxg5 Bxh6 14. Bxh6 Qe7 15. Bd3 Rg8 16. d6 Qxd6 17. Bxh7 Rh8 18. Bg6+ Ke7 19. Bg7 Qb4+ 1-0


[Site "https://www.chess.com"]

[Event "Titled Tuesday Blitz October 26 2021"]
[White "Zarubitski, Viachaslau"]
[Black "Nesterov, Arseniy"]
[WhiteFideId "13509373"]
[BlackFideId "24198455"]
[WhiteElo "2315"]
[BlackElo "2494"]
[Result "0-1"]
[Round "04"]
[TimeControl "180+1"]
[Date "2021.10.26"]
[WhiteClock "0:00:03"]
[BlackClock "0:00:35"]

1. Nf3 d5 2. g3 Nf6 3. Bg2 Bf5 4. O-O e6 5. d3 c6 6. b3 Be7 7. Bb2 h6 8. Nbd2 O-O 9. c4 Nbd7 10. a3 a5 11. Ra2 Bh7 12. Qa1 Ne8 13. Rc1 Bf6 14. Bc3 Nd6 15. b4 Bxc3 16. Rxc3 e5 17. cxd5 cxd5 18. Rc1 Re8 19. Nb3 e4 20. Nfd4 exd3 21. exd3 a4 22. Nc5 Nf6 23. Rac2 b6 24. Qc3 bxc5 25. bxc5 Nf5 26. c6 Rc8 27. Nxf5 Bxf5 28. c7 Qd6 29. h3 Re7 30. Bf3 Rexc7 31. Qxc7 Rxc7 32. Rxc7 Qxa3 33. g4 Bxd3 34. Rc8+ Kh7 35. h4 Be4 36. Bd1 Qh3 0-1


[Site "https://www.chess.com"]

[Event "Titled Tuesday Blitz October 26 2021"]
[White "Zhigalko, Sergei"]
[Black "Vlachos, Anatole"]
[WhiteFideId "13502956"]
[BlackFideId "26093189"]
[WhiteElo "2662"]
[BlackElo "2350"]
[Result "0-1"]
[Round "04"]
[TimeControl "180+1"]
[Date "2021.10.26"]
[WhiteClock "0:00:02"]
[BlackClock "0:00:22"]

1. e4 e5 2. Nf3 Nc6 3. Bc4 Bc5 4. b4 Bxb4 5. c3 Be7 6. d4 Na5 7. Bd3 d6 8. dxe5 dxe5 9. Nxe5 c5 10. Qa4+ Kf8 11. Qc2 Qc7 12. Nc4 Be6 13. Nxa5 Qxa5 14. Nd2 Nf6 15. O-O Rd8 16. h3 h5 17. Rd1 g6 18. Bb2 Kg7 19. c4 Kh7 20. Nf3 Nd7 21. Bxh8 Rxh8 22. e5 Qc7 23. Qe2 Re8 24. Re1 Kh8 25. Rad1 Bf8 26. Ng5 Bg7 27. f4 b5 28. Nxe6 Rxe6 29. cxb5 Nb6 30. Bc4 Re8 31. Qd3 f5 32. Kh1 Kh7 33. Re2 Re7 34. Red2 Bh6 35. Qf1 h4 36. Rd6 Qb7 37. Rc6 a6 38. Rdd6 Nxc4 39. Qxc4 axb5 40. Qxc5 Rg7 41. Qf2 Qa8 42. Qxh4 Qxa2 43. Kh2 Qa4 44. Kh1 Qa1+ 45. Kh2 Qa4 46. g3 Qa2+ 47. Kg1 Qa1+ 48. Kf2 Qb2+ 49. Kf3 Ra7 50. Rd3 Qb1 51. Rd2 Qf1+ 52. Ke3 Qe1+ 53. Kd3 Ra3+ 54. Rc3 Qf1+ 55. Kc2 Ra2+ 56. Kb3 Qb1+ 0-1


[Site "https://www.chess.com"]

[Event "Titled Tuesday Blitz October 26 2021"]
[White "Zierk, Steven"]
[Black "Schmakel, Sam"]
[WhiteFideId "2034255"]
[BlackFideId "2039311"]
[WhiteElo "2494"]
[BlackElo "2356"]
[Result "1-0"]
[Round "04"]
[TimeControl "180+1"]
[Date "2021.10.26"]
[WhiteClock "0:00:10"]
[BlackClock "0:00:03"]

1. e4 c5 2. Nf3 d6 3. d4 cxd4 4. Nxd4 Nf6 5. f3 g6 6. c4 Bg7 7. Nc3 Nc6 8. Be3 O-O 9. Qd2 Bd7 10. Nc2 Rc8 11. Be2 a6 12. O-O Qa5 13. Rfd1 Be6 14. Rac1 b5 15. b4 Nxb4 16. Nd5 Bxd5 17. Nxb4 Bxc4 18. Nc6 Qc7 19. Bxc4 bxc4 20. Rxc4 Qd7 21. Rdc1 Ra8 22. e5 dxe5 23. Qxd7 Nxd7 24. Nxe7+ Kh8 25. Rc7 Nf6 26. Bc5 Rfe8 27. Nc6 Kg8 28. Ne7+ Kh8 29. Nc6 Rec8 30. Rxc8+ Rxc8 31. Nxe5 Kg8 32. Nd3 Bh6 33. Re1 Nd5 34. Re5 Nc7 35. Kf1 Ne6 36. Be3 Rc2 37. Bxh6 Rxa2 38. Rd5 f6 39. Nc5 Nxc5 40. Rxc5 a5 41. Rc7 a4 42. Rg7+ Kh8 43. Rf7 1-0


[Site "https://www.chess.com"]

[Event "Titled Tuesday Blitz October 26 2021"]
[White "Abarca Gonzalez, Nicolas"]
[Black "Mamedyarov, Shakhriyar"]
[WhiteFideId "3409422"]
[BlackFideId "13401319"]
[WhiteElo "2504"]
[BlackElo "2754"]
[Result "0-1"]
[Round "05"]
[TimeControl "180+1"]
[Date "2021.10.26"]
[WhiteClock "0:00:15"]
[BlackClock "0:00:05"]

1. e4 c5 2. Nf3 e6 3. b3 Nf6 4. e5 Nd5 5. Bb2 Nc6 6. g3 h6 7. Bg2 g5 8. Na3 Bg7 9. Nc4 O-O 10. a4 f6 11. h4 g4 12. exf6 Bxf6 13. Nfe5 h5 14. Qe2 Nd4 15. Bxd4 cxd4 16. Qe4 d6 17. Qg6+ Bg7 18. Be4 Nf6 19. Nxg4 hxg4 20. Bd3 d5 21. Ne5 Qe8 22. Qg5 Qh5 23. Qxh5 Nxh5 24. Nxg4 e5 25. Nh2 e4 26. Be2 Nxg3 27. fxg3 d3 28. c3 dxe2 29. Kxe2 d4 30. cxd4 Bxd4 31. Raf1 Bh3 32. Rf4 Rxf4 33. gxf4 Kf7 34. Nf1 Bg2 35. Rh2 Bf3+ 36. Ke1 Rc8 37. Ne3 Kf6 38. h5 Bxe3 39. dxe3 Rc1+ 40. Kd2 Rh1 41. Rxh1 Bxh1 42. Kc3 Bf3 43. h6 Kg6 44. Kd4 Kxh6 45. Ke5 Kg7 46. b4 Kf7 47. Kd6 Bd1 48. a5 Be2 49. Kc5 Ke6 50. b5 a6 51. bxa6 Bxa6 52. Kd4 Kf5 53. Kd5 Be2 54. Kd6 Bd3 55. Kc7 Ba6 56. Kd6 Bb5 57. Kc7 Ba6 58. Kd6 Kg4 59. Kc7 Kf3 60. f5 Kxe3 61. f6 Bc4 62. Kxb7 Kd4 63. a6 Ke5 64. Kc6 Kxf6 65. Kc5 Bxa6 66. Kd4 Bd3 67. Ke3 Kf5 0-1


[Site "https://www.chess.com"]

[Event "Titled Tuesday Blitz October 26 2021"]
[White "Alexakis, Dimitris"]
[Black "Andreikin, Dmitry"]
[WhiteFideId "4277023"]
[BlackFideId "4158814"]
[WhiteElo "2409"]
[BlackElo "2736"]
[Result "0-1"]
[Round "05"]
[TimeControl "180+1"]
[Date "2021.10.26"]
[WhiteClock "0:00:01"]
[BlackClock "0:01:08"]

1. e4 c5 2. Nf3 Nc6 3. d4 cxd4 4. Nxd4 Qb6 5. Nb3 Nf6 6. Nc3 e6 7. Be3 Qc7 8. Bd3 a6 9. f4 d6 10. O-O b5 11. a3 Bb7 12. Qf3 h5 13. h3 Be7 14. Rae1 Rc8 15. Nd4 Na5 16. Qg3 Nc4 17. Bxc4 Qxc4 18. e5 h4 19. Qg5 Nh5 20. Qg4 dxe5 21. fxe5 g6 22. Rxf7 Kxf7 23. Rf1+ Ke8 24. Qxg6+ Kd7 25. Rd1 Rcg8 26. Nf3+ Kc8 27. Qf7 Rg7 28. b3 Rxf7 29. bxc4 Bxf3 30. gxf3 Rxf3 0-1


[Site "https://www.chess.com"]

[Event "Titled Tuesday Blitz October 26 2021"]
[White "Aloma Vidal, Robert"]
[Black "Ozen, Bahadir"]
[WhiteFideId "2260409"]
[BlackFideId "6337058"]
[WhiteElo "2435"]
[BlackElo "2503"]
[Result "0-1"]
[Round "05"]
[TimeControl "180+1"]
[Date "2021.10.26"]
[WhiteClock "0:00:14"]
[BlackClock "0:01:24"]

1. e4 c6 2. d4 d5 3. e5 Bf5 4. Nf3 e6 5. Be2 c5 6. O-O Nc6 7. Be3 cxd4 8. Nxd4 Nge7 9. c4 dxc4 10. Bxc4 Nxd4 11. Bxd4 Nc6 12. Bb5 Be7 13. Nc3 O-O 14. Bxc6 bxc6 15. Be3 Qc7 16. f4 Rfd8 17. Qe1 Rab8 18. b3 c5 19. Rc1 c4 20. Qf2 Ba3 21. Rcd1 Bd3 22. Bxa7 Rb7 23. Be3 cxb3 24. Rxd3 Rxd3 25. Nb1 Bf8 26. axb3 Rxe3 0-1


[Site "https://www.chess.com"]

[Event "Titled Tuesday Blitz October 26 2021"]
[White "Begmuratov, Khumoyun"]
[Black "Haitin, Ilja"]
[WhiteFideId "14210207"]
[BlackFideId "4501764"]
[WhiteElo "1948"]
[BlackElo "2206"]
[Result "1/2-1/2"]
[Round "05"]
[TimeControl "180+1"]
[Date "2021.10.26"]
[WhiteClock "0:00:17"]
[BlackClock "0:00:16"]

1. e4 c5 2. Nc3 Nc6 3. g3 g6 4. Bg2 Bg7 5. Nge2 Rb8 6. O-O b5 7. d3 b4 8. Nb1 e6 9. c3 d6 10. Be3 Nge7 11. Nd2 bxc3 12. bxc3 O-O 13. Rb1 Ba6 14. Qc2 Qc7 15. Rb3 Ne5 16. c4 N7c6 17. Nc1 Ng4 18. Qd1 Nxe3 19. fxe3 Ne5 20. Ra3 Bc8 21. Ndb3 Bd7 22. Ne2 a5 23. Nbc1 a4 24. Qd2 Bh6 25. h3 Rb1 26. Nc3 Rb4 27. N3e2 Rfb8 28. Rc3 Rb2 29. Rc2 Bxe3+ 30. Qxe3 Rxc2 31. Nf4 Rbb2 32. Nce2 Rxa2 33. h4 Rab2 34. Bh3 a3 35. h5 a2 36. hxg6 hxg6 37. Nh5 gxh5 38. Qg5+ Kf8 39. Qh6+ Ke8 40. Qh8+ Ke7 41. Qf6+ Ke8 42. Qh8+ Ke7 43. Qf6+ Ke8 44. Qh8+ 1/2-1/2


[Site "https://www.chess.com"]

[Event "Titled Tuesday Blitz October 26 2021"]
[White "Bortnyk, Olexandr"]
[Black "Matinian, Nikita"]
[WhiteFideId "14120828"]
[BlackFideId "24129100"]
[WhiteElo "2723"]
[BlackElo "2464"]
[Result "1-0"]
[Round "05"]
[TimeControl "180+1"]
[Date "2021.10.26"]
[WhiteClock "0:00:16"]
[BlackClock "0:00:06"]

1. e4 d6 2. d4 g6 3. Nf3 Bg7 4. Bc4 Nf6 5. Qe2 c6 6. Bb3 O-O 7. O-O Bg4 8. h3 Bxf3 9. Qxf3 Nbd7 10. c3 a5 11. Rd1 a4 12. Bc2 Qb6 13. Nd2 Qa6 14. Nf1 b5 15. a3 e5 16. Ng3 Rfe8 17. h4 exd4 18. cxd4 c5 19. h5 cxd4 20. h6 Ne5 21. Qe2 Bh8 22. Rxd4 d5 23. Bg5 Nc4 24. Qf3 Nxe4 25. Rxd5 Nxg5 26. Rxg5 Bxb2 27. Rd1 Bxa3 28. Bxg6 fxg6 29. Rd7 Qe6 30. Nh5 Rf8 31. Rg7+ Kh8 32. Qb7 Qe1+ 33. Kh2 Bd6+ 34. Ng3 Bxg3+ 35. fxg3 1-0


[Site "https://www.chess.com"]

[Event "Titled Tuesday Blitz October 26 2021"]
[White "De Silva, L M S T"]
[Black "Grischuk, Alexander"]
[WhiteFideId "9953698"]
[BlackFideId "4126025"]
[WhiteElo "1621"]
[BlackElo "2757"]
[Result "0-1"]
[Round "05"]
[TimeControl "180+1"]
[Date "2021.10.26"]
[WhiteClock "0:00:07"]
[BlackClock "0:00:04"]

1. e4 c5 2. Nf3 d6 3. Bb5+ Bd7 4. Bxd7+ Nxd7 5. O-O Ngf6 6. Qe2 e6 7. c3 Be7 8. d4 O-O 9. e5 Ne8 10. exd6 Bxd6 11. Rd1 Qc7 12. h3 Nef6 13. Nbd2 Rfd8 14. Ne4 Nxe4 15. Qxe4 h6 16. Qe2 Rac8 17. Be3 Nf6 18. dxc5 Bxc5 19. Bxc5 Qxc5 20. Rxd8+ Rxd8 21. Rd1 Rd5 22. Rxd5 Nxd5 23. Qe5 b5 24. a3 Qb6 25. Nd4 a6 26. b4 Qb7 27. Nb3 Qc8 28. Nc5 a5 29. Qd4 axb4 30. axb4 Qa8 31. Ne4 Qa1+ 32. Kh2 Qb2 33. Qe5 Kh7 34. f3 Qc2 35. Nd6 Qxc3 36. Qxc3 Nxc3 37. Nxf7 Kg6 38. Nd6 Kf6 39. Kg3 Ke5 40. Ne8 g6 41. Nc7 Kd6 42. Na6 Nd5 43. Kf2 g5 44. g3 Ke5 45. Ke2 Kd4 46. Kd2 e5 47. Nc7 Nxc7 0-1


[Site "https://www.chess.com"]

[Event "Titled Tuesday Blitz October 26 2021"]
[White "Demidov, Mikhail"]
[Black "Baskin, Robert"]
[WhiteFideId "4197143"]
[BlackFideId "24662402"]
[WhiteElo "2527"]
[BlackElo "2521"]
[Result "1-0"]
[Round "05"]
[TimeControl "180+1"]
[Date "2021.10.26"]
[WhiteClock "0:01:57"]
[BlackClock "0:00:18"]

1. Nf3 c5 2. g3 d5 3. Bg2 Nf6 4. O-O e6 5. d4 cxd4 6. Nxd4 e5 7. Nb3 Be6 8. c4 Nc6 9. cxd5 Nxd5 10. N1d2 h6 11. Ne4 Qb6 12. Nc3 Nxc3 13. bxc3 Be7 14. Be3 Qb5 15. Rb1 Qc4 16. Nd2 Qa6 17. Ne4 O-O 18. Bc5 Rfd8 19. Qc2 Qxa2 20. Qxa2 Bxa2 21. Rxb7 Bxc5 22. Nxc5 Bd5 23. Ra1 Bxg2 24. Kxg2 Rab8 25. Ra6 Rxb7 26. Nxb7 Rc8 27. Nd6 Rc7 28. Nb5 Rc8 29. Kf3 g6 30. Ke4 Kg7 31. Nd6 Rc7 32. Ne8+ 1-0


[Site "https://www.chess.com"]

[Event "Titled Tuesday Blitz October 26 2021"]
[White "Erdogdu, Mert"]
[Black "Cardoso Cardoso, Jose Gabriel"]
[WhiteFideId "6301495"]
[BlackFideId "4430492"]
[WhiteElo "2485"]
[BlackElo "2343"]
[Result "1/2-1/2"]
[Round "05"]
[TimeControl "180+1"]
[Date "2021.10.26"]
[WhiteClock "0:00:57"]
[BlackClock "0:00:31"]

1. e4 g6 2. d4 Bg7 3. Nc3 c6 4. Nf3 d5 5. h3 dxe4 6. Nxe4 Nf6 7. Nxf6+ exf6 8. Bd3 O-O 9. O-O Nd7 10. Bf4 Nb6 11. Qd2 Re8 12. Rae1 Be6 13. b3 a5 14. Bh6 a4 15. Bxg7 Kxg7 16. c4 axb3 17. axb3 Qd7 18. Re3 Bf5 19. Rxe8 Rxe8 20. Bxf5 Qxf5 21. Qb4 Nd7 22. Qxb7 Rb8 23. Qxc6 Rxb3 24. c5 Rc3 25. Re1 Nf8 26. Qe4 Qxe4 27. Rxe4 Ne6 28. Re3 Rc1+ 29. Kh2 Rd1 30. Rc3 Nxd4 31. Nxd4 Rxd4 32. c6 Rd8 33. c7 Rc8 34. Kg3 Kf8 35. Kf4 Ke7 36. g4 Kd7 37. g5 Rxc7 38. Rxc7+ Kxc7 39. gxf6 h6 40. Ke5 Kc6 41. f4 Kc5 42. h4 Kc6 43. f5 g5 44. hxg5 hxg5 45. Ke4 Kd6 46. Kd4 Kc6 47. Ke4 Kd6 48. Kd4 g4 49. Ke4 g3 50. Kf3 Ke5 51. Kxg3 Kxf5 52. Kf3 Kg5 53. Kg3 Kf5 54. Kf3 Kg6 55. Kg4 Kxf6 56. Kf4 Ke6 57. Ke4 Kf6 58. Kf4 Kg6 59. Kg4 f6 60. Kf4 f5 61. Kf3 Kf6 62. Kf4 Ke6 63. Kf3 Ke5 64. Ke3 f4+ 65. Kf3 Kf5 66. Kf2 Ke4 67. Ke2 f3+ 68. Kf2 Kf4 69. Kf1 Kg4 70. Kf2 Kf4 71. Kf1 Kg3 72. Kg1 Kh3 73. Kf2 Kg4 74. Kf1 Kf5 75. Kf2 Ke4 76. Kf1 Ke3 77. Ke1 Kd3 78. Kf2 Ke4 79. Kf1 Kf4 80. Kf2 Kg4 81. Kf1 Kg3 82. Kg1 f2+ 83. Kf1 Kf3 1/2-1/2


[Site "https://www.chess.com"]

[Event "Titled Tuesday Blitz October 26 2021"]
[White "Florescu, Codrut-Constantin"]
[Black "Savchenko, Boris"]
[WhiteFideId "1202200"]
[BlackFideId "4147332"]
[WhiteElo "2243"]
[BlackElo "2526"]
[Result "0-1"]
[Round "05"]
[TimeControl "180+1"]
[Date "2021.10.26"]
[WhiteClock "0:00:33"]
[BlackClock "0:01:45"]

1. d4 Nf6 2. c4 g6 3. Nc3 d5 4. cxd5 Nxd5 5. e4 Nxc3 6. bxc3 Bg7 7. Bc4 c5 8. Ne2 Nc6 9. Be3 O-O 10. O-O Na5 11. Bd3 b6 12. Rc1 cxd4 13. cxd4 e6 14. Qd2 Bb7 15. Bh6 Bxh6 16. Qxh6 Rc8 17. Rxc8 Qxc8 18. e5 Ba6 19. Bxa6 Qxa6 20. Ng3 Qd3 21. Re1 Rc8 22. h4 Qxd4 23. Re4 Qd1+ 24. Kh2 Nc6 25. h5 Ne7 26. Rf4 Nf5 27. hxg6 Nxh6 0-1


[Site "https://www.chess.com"]

[Event "Titled Tuesday Blitz October 26 2021"]
[White "Gabrielian, Artur"]
[Black "Carnicelli, Valerio"]
[WhiteFideId "4131002"]
[BlackFideId "856185"]
[WhiteElo "2489"]
[BlackElo "2332"]
[Result "0-1"]
[Round "05"]
[TimeControl "180+1"]
[Date "2021.10.26"]
[WhiteClock "0:00:07"]
[BlackClock "0:00:27"]

1. e4 e5 2. Nc3 Nc6 3. g3 Bc5 4. Bg2 Nf6 5. Nge2 a6 6. O-O d6 7. d3 h5 8. h3 h4 9. g4 Nxg4 10. hxg4 Bxg4 11. Kh2 h3 12. Bh1 Qh4 13. f3 Be6 14. Qe1 Qxe1 15. Rxe1 Nb4 16. Rf1 Nxc2 17. Rb1 Nb4 18. Rd1 Nxa2 19. Nxa2 Bxa2 20. Ra1 Bb3 21. Rf1 Bc2 22. Nc3 Bxd3 23. Rd1 Bc4 24. Nd5 O-O-O 25. Bg5 f6 26. Be3 Bxd5 27. Bxc5 Bxe4 28. fxe4 dxc5 29. Rd5 c6 30. Rxd8+ Rxd8 31. Rg1 Rd2+ 32. Kxh3 Rxb2 33. Rc1 b6 34. Kg4 a5 35. Kf5 a4 36. Ra1 b5 37. Ke6 Kc7 38. Bf3 c4 39. Rg1 g5 40. Kxf6 Rf2 41. Kxe5 Rxf3 42. Kd4 Kb6 43. e5 Rd3+ 44. Ke4 a3 45. e6 Rd8 46. Rxg5 a2 47. Rg1 Ra8 48. e7 a1=Q 49. Rxa1 Rxa1 0-1


[Site "https://www.chess.com"]

[Event "Titled Tuesday Blitz October 26 2021"]
[White "Ghazarian, Kirk"]
[Black "Seo, Jung Min"]
[WhiteFideId "30908604"]
[BlackFideId "1734687"]
[WhiteElo "2003"]
[BlackElo "2486"]
[Result "1-0"]
[Round "05"]
[TimeControl "180+1"]
[Date "2021.10.26"]
[WhiteClock "0:00:01"]
[BlackClock "0:00:02"]

1. d4 f5 2. e4 fxe4 3. Nc3 Nf6 4. Bg5 c6 5. Bxf6 exf6 6. Nxe4 d5 7. Ng3 Bd6 8. Bd3 O-O 9. N1e2 Re8 10. O-O Nd7 11. Nf5 Nf8 12. Neg3 Bxg3 13. hxg3 Bxf5 14. Bxf5 g6 15. Bd3 Qb6 16. c4 Qxd4 17. cxd5 Qxd5 18. Qc2 Kg7 19. Rfd1 Qe5 20. Qb3 Re7 21. Re1 Qxe1+ 22. Rxe1 Rxe1+ 23. Kh2 Re7 24. g4 Rae8 25. f3 Ne6 26. Be4 Nc5 27. Qb4 Nxe4 28. fxe4 b6 29. Qc3 Rxe4 30. Qxc6 R8e7 31. Kg3 Re3+ 32. Kh2 R3e6 33. Qc3 g5 34. a3 Re4 35. Qf3 Rf4 36. Qd1 Rf2 37. b4 Rfe2 38. Qd5 R2e4 39. Qf5 Rf4 40. Qc8 Rd4 41. Qf5 Re5 42. Qc8 Rde4 43. Qc7+ Re7 44. Qc8 a5 45. b5 R4e6 46. Qd8 Rf7 47. Qd5 Rfe7 48. Qd8 Re8 49. Qd7+ Kg6 50. Qd5 Re5 51. Qc6 R8e6 52. Qc8 Kg7 53. Qc7+ Kg6 54. Qc8 Re8 55. Qc6 R5e6 56. Qd7 a4 57. Qc7 h6 58. Qb7 Re4 59. Qxb6 Rxg4 60. Qc6 Re2 61. Qc8 1-0


[Site "https://www.chess.com"]

[Event "Titled Tuesday Blitz October 26 2021"]
[White "Gupta, Abhijeet"]
[Black "Obregon, Andres Carlos"]
[WhiteFideId "5010608"]
[BlackFideId "111724"]
[WhiteElo "2549"]
[BlackElo "2572"]
[Result "1-0"]
[Round "05"]
[TimeControl "180+1"]
[Date "2021.10.26"]
[WhiteClock "0:00:44"]
[BlackClock "0:01:17"]

1. d4 Nf6 2. c4 e6 3. Nf3 b6 4. a3 Ba6 5. Qc2 c5 6. d5 exd5 7. cxd5 g6 8. Nc3 Bg7 9. h4 h6 10. Bf4 O-O 11. Qd2 Ng4 12. h5 g5 13. Nxg5 hxg5 14. Bxg5 Bf6 15. Rh4 Ne5 16. Ne4 Bxg5 17. Nxg5 Qf6 18. g3 Re8 19. Ne4 Qf5 20. Rf4 Nd3+ 21. exd3 Qxd5 22. O-O-O Qa2 23. Rg4+ 1-0


[Site "https://www.chess.com"]

[Event "Titled Tuesday Blitz October 26 2021"]
[White "Hakobyan, Aram"]
[Black "Piesik, Piotr"]
[WhiteFideId "13306677"]
[BlackFideId "1136194"]
[WhiteElo "2557"]
[BlackElo "2336"]
[Result "1-0"]
[Round "05"]
[TimeControl "180+1"]
[Date "2021.10.26"]
[WhiteClock "0:00:52"]
[BlackClock "0:01:43"]

1. d4 c5 2. d5 e5 3. e4 d6 4. Bb5+ Nd7 5. a4 Be7 6. Nc3 Bg5 7. Qg4 Bxc1 8. Rxc1 Qf6 9. Nge2 Ne7 10. O-O a6 11. Bxd7+ Bxd7 12. Qg3 Ng6 13. f4 exf4 14. Nxf4 Qd4+ 15. Kh1 Nxf4 16. Qxf4 O-O 17. Qxd6 Rad8 18. Qb6 Qb4 19. a5 Qxb6 20. axb6 Rfe8 21. Rce1 f6 22. Kg1 Re5 23. Ra1 f5 24. Ra5 fxe4 25. Rxc5 e3 26. Rc7 Bf5 27. Rxb7 Bxc2 28. Rc7 e2 29. Re1 Bd3 30. b7 Ree8 31. Kf2 Kf8 32. Nxe2 Rxd5 33. Nf4 1-0


[Site "https://www.chess.com"]

[Event "Titled Tuesday Blitz October 26 2021"]
[White "Indjic, Aleksandar"]
[Black "Sviridov, Valery"]
[WhiteFideId "911925"]
[BlackFideId "4120680"]
[WhiteElo "2643"]
[BlackElo "2454"]
[Result "0-1"]
[Round "05"]
[TimeControl "180+1"]
[Date "2021.10.26"]
[WhiteClock "0:00:09"]
[BlackClock "0:00:14"]

1. d4 g6 2. Nf3 Bg7 3. c4 d6 4. Nc3 e5 5. g3 exd4 6. Nxd4 Nf6 7. Bg2 O-O 8. O-O Re8 9. b3 Nbd7 10. e4 Nc5 11. Re1 c6 12. Bb2 a5 13. Rb1 Ng4 14. Ba1 Ne5 15. Re3 Qb6 16. h3 h5 17. Kh1 Ned3 18. Rxd3 Nxd3 19. Qxd3 Qxd4 20. Qc2 Qf6 21. Rd1 Qe7 22. Qd2 Be6 23. Na4 Bxa1 24. Rxa1 b5 25. cxb5 cxb5 26. Nc3 b4 27. Nb5 Rad8 28. Rd1 Qf6 29. f4 d5 30. e5 Qe7 31. Kh2 Qc5 32. Nd4 Rc8 33. Qe2 Qc3 34. Nb5 Qc2 35. Rd2 Qc5 36. Nd6 Red8 37. Nxc8 Rxc8 38. Qd3 Rd8 39. Qd4 Qc3 40. h4 Rc8 41. Qf2 Rd8 42. Qd4 Qxd4 43. Rxd4 Kf8 44. Rd2 Rc8 45. Kg1 Rc5 46. Kf2 Ke7 47. Bf1 Kd7 48. Bd3 Kc6 49. Ke3 Rc1 50. Rc2+ Rxc2 51. Bxc2 Kc5 52. Bd3 d4+ 53. Kd2 a4 54. Kc2 a3 55. Kc1 Bf5 56. Bc4 Be6 57. Bxe6 fxe6 58. Kd2 Kc6 59. Ke2 Kc5 60. Kf2 d3 61. Ke3 d2 62. Kxd2 Kd4 63. Kc2 Ke4 64. Kd2 Kf3 65. Kd3 Kxg3 66. Kc4 Kxh4 67. Kxb4 Kg4 68. Kc5 h4 69. b4 h3 70. b5 h2 71. Kd6 h1=Q 72. Kxe6 Kxf4 73. Kf6 Qb7 0-1


[Site "https://www.chess.com"]

[Event "Titled Tuesday Blitz October 26 2021"]
[White "Iskusnyh, Sergei"]
[Black "Maksimovic, Bojan"]
[WhiteFideId "4120027"]
[BlackFideId "14408120"]
[WhiteElo "2492"]
[BlackElo "2439"]
[Result "1-0"]
[Round "05"]
[TimeControl "180+1"]
[Date "2021.10.26"]
[WhiteClock "0:00:11"]
[BlackClock "0:00:02"]

1. d4 Nf6 2. c4 c5 3. d5 b5 4. Qc2 bxc4 5. e4 e6 6. Nc3 exd5 7. e5 Qe7 8. Nf3 Nc6 9. Bf4 d6 10. O-O-O dxe5 11. Nxe5 Nxe5 12. Re1 Be6 13. Bxe5 Qd7 14. f4 Be7 15. Bxf6 gxf6 16. g4 Bxg4 17. Bg2 Kf8 18. Nxd5 Re8 19. Qxc4 Be6 20. f5 Bxf5 21. Qf4 Be6 22. Qh6+ Kg8 23. Rhg1 Bf5 24. Rxe7 Qxe7 25. Be4+ Bg6 26. Nxe7+ Rxe7 27. Bc2 Re2 28. Bb1 c4 29. h4 Re5 30. h5 c3 31. bxc3 Re3 32. hxg6 hxg6 33. Qxe3 1-0


[Site "https://www.chess.com"]

[Event "Titled Tuesday Blitz October 26 2021"]
[White "Jobava, Baadur"]
[Black "Zierk, Steven"]
[WhiteFideId "13601520"]
[BlackFideId "2034255"]
[WhiteElo "2731"]
[BlackElo "2494"]
[Result "1-0"]
[Round "05"]
[TimeControl "180+1"]
[Date "2021.10.26"]
[WhiteClock "0:00:03"]
[BlackClock "0:00:06"]

1. e4 e6 2. d4 d5 3. Nc3 Bb4 4. Ne2 dxe4 5. a3 Bxc3+ 6. Nxc3 Nc6 7. d5 exd5 8. Qxd5 Be6 9. Qxd8+ Rxd8 10. Nxe4 Nd4 11. Bd3 Bc4 12. Bxc4 Nxc2+ 13. Ke2 Nxa1 14. Rd1 Nf6 15. Nxf6+ gxf6 16. b4 Ke7 17. Bb2 Nc2 18. Rd2 Rxd2+ 19. Kxd2 Nxb4 20. axb4 Rd8+ 21. Kc2 Rg8 22. g3 Rg5 23. Bd4 a5 24. h4 Rf5 25. b5 h5 26. f4 c6 27. b6 a4 28. Kb2 Ra5 29. Ka3 Ra8 30. Bc5+ Ke8 31. Be2 Rd8 32. Kxa4 Rd2 33. Bf3 Kd7 34. Kb4 Rd3 35. Bxh5 Rxg3 36. Bxf7 Rg4 37. h5 Rxf4+ 38. Kc3 Rh4 39. Bg6 Ke6 40. Be3 f5 41. Kd3 f4 42. Bf2 Rh2 43. Ke2 c5 44. Kf3 c4 45. Bd4 c3 46. Kxf4 c2 47. Be3 Rh3 48. Bf5+ 1-0


[Site "https://www.chess.com"]